 Dungeon Crawl Stone Soup version 0.31-a0-1522-g43313d8a59 (webtiles) character file.

Game seed: 12346641142951813760

31 SolCadguy the Slasher (level 3, -1/21 HPs)
             Began as a Tengu Reaver on Dec 30, 2023.
             Slain by a kobold
             ... wielding a +2 whip of electrocution
              (11 damage)
             ... on level 2 of the Dungeon.
             The game lasted 00:02:25 (1394 turns).

SolCadguy the Slasher (Tengu Reaver)                Turns: 1394, Time: 00:02:25

Health: -1/21      AC:  3    Str: 12    XL:     3   Next: 22%
Magic:  7/7        EV: 11    Int: 15    God:
Gold:   98         SH:  0    Dex: 12    Spells: 0/6 levels left

rFire   . . .        a - +0 falchion
rCold   . . .        (no shield)
rNeg    . . .        b - +0 leather armour
rPois   .            (helmet restricted)
rElec   .            (no cloak)
rCorr   .            (no gloves)
SInv    .            (boots unavailable)
Will    .....        (no amulet)
Stlth   +            (no ring)
HPRegen 0.23/turn    (no ring)
MPRegen 0.10/turn

%: acrobat
@: no status effects
A: beak, talons 3, acrobatic
a: no special abilities


You were on level 2 of the Dungeon.
You visited 1 branch of the dungeon, and saw 2 of its levels.

You collected 98 gold pieces.

Inventory:

Hand Weapons
 a - a +0 falchion (weapon)
Missiles
 c - 7 stones (quivered)
Armour
 b - a +0 leather armour (worn)
Scrolls
 e - a scroll of revelation {unknown}
 f - a scroll of brand weapon {unknown}
 g - a scroll of teleportation {unknown}
 i - a scroll of blinking {unknown}
 j - a scroll of enchant armour {unknown}
Potions
 d - 3 potions of might {unknown}
 h - a potion of invisibility {unknown}


   Skills:
 - Level 2.0 Fighting
 + Level 4.7 Long Blades
 - Level 2.1 Dodging
 - Level 2.0 Spellcasting
 - Level 4.0 Conjurations


You couldn't memorise any spells.
You knew the following spells:

 Your Spells              Type           Power      Damage    Failure   Level
a - Kiss of Death         Conj/Necr      28%        2d7       12%         1
b - Momentum Strike       Conj/Tloc      14%        3d8       19%         2
c - Hailstorm             Conj/Ice       7%         3d5       36%         3

Your spell library contained the following spells:

 Spells                   Type           Power      Damage    Failure   Level


Dungeon Overview and Level Annotations

Branches:
Dungeon (2/15)

Altars:


Innate Abilities, Weirdness & Mutations

You have a beak for a mouth.
You have claws for feet.
You can magically evade attacks while moving or waiting.


Message History

Your life force feels restored.
No target in view!
A goblin comes into view. It is wielding a +0 club.
A goblin is nearby!
You hit the goblin.
The goblin is moderately wounded.
The goblin hits you with a +0 club.
You hit the goblin.
You kill the goblin!
No target in view!
Things that are here:
a +0 club; a goblin corpse
d - 3 fuming blue potions (gained 2)
An endoplasm comes into view.
The endoplasm quivers.
You slash the endoplasm!
You kill the endoplasm!
No target in view!
j - a scroll labelled FEWOMI HICZOID You now have 81 gold pieces (gained 14).
You see here an orb of guile.
You now have 94 gold pieces (gained 13).
You now have 98 gold pieces (gained 4).
Found an escape hatch in the ceiling.
Found a club.
A kobold comes into view.
It is wielding a +2 whip of electrocution.
Found 10 gold pieces.
Found a stone staircase leading down.
The kobold shouts!
A kobold is nearby!
The kobold throws a stone.
The stone misses you.
The kobold throws a stone.
The stone completely misses you.
You see here 10 gold pieces.
The kobold misses you.
You barely miss the kobold. You claw the kobold, but do no damage.
The kobold hits you with a +2 whip of electrocution.
You closely miss the kobold. Your kick misses the kobold.
The kobold hits you with a +2 whip of electrocution.
You are electrocuted!
Ouch! That really hurt!
You die...

### #####.>..
###########........
......K@$..).......
###########.###.##
#.# #.# #.# #.# #.#
#.# ... ##.#


You could see a kobold.

Vanquished Creatures
  An adder (D:2)
  An endoplasm (D:2)
  2 giant cockroaches (D:1)
  3 goblins
  2 hobgoblins
  4 ball pythons
  2 bats (D:1)
  A frilled lizard (D:1)
  A kobold (D:1)
  6 rats
23 creatures vanquished.

Notes
Turn   | Place    | Note
-------+----------+-------------------------------------------
     0 | D:1      | SolCadguy the Tengu Reaver began the quest for the Orb.
     0 | D:1      | Reached XP level 1. HP: 12/12 MP: 4/4
   373 | D:1      | Reached XP level 2. HP: 17/17 MP: 6/6
  1093 | D:2      | Reached XP level 3. HP: 18/20 MP: 5/7
  1096 | D:2      | Learned a level 2 spell: Momentum Strike
  1100 | D:2      | Learned a level 3 spell: Hailstorm
  1394 | D:2      | Slain by a kobold

Illustrated notes

Levels and vault maps discovered:
D:1:      dpeg_arrival_prison, layout_loops_corners, serial_forest,
          infiniplex_forest_lined_2, infiniplex_forest_straight_4,
          infiniplex_forest_clump_long, infiniplex_forest_corner_1,
          infiniplex_forest_lined_room_2, infiniplex_forest_straight_3,
          infiniplex_forest_corner_2, minmay_tripent
D:2:      layout_loops_ring

Skill      XL: |  1  2 |
---------------+-------+-----
Long Blades    | 4 |  4.7
Fighting       | |  2.0
Dodging        | |  2.1
Spellcasting   | |  2.0
Conjurations   | |  4.0

Action                     || total
---------------------------++-------
  Melee: Falchion          ||    46
         Kick              ||     8
         Peck              ||     2
   Cast: Kiss of Death     ||     1
 Armour: Leather armour    ||    16
  Dodge: Dodged            ||    32

Table legend: (Time is in decaauts)
 A = Elapsed time spent in this place.
 B = Non-inter-level travel time spent in this place.
 C = Inter-level travel time spent in this place.
 D = Time resting spent in this place.
 E = Time spent auto-exploring this place.
 F = Levels seen in this place.
 G = Mean time per level.
                   A        B        C        D        E       F      G
               +--------+--------+--------+--------+--------+-----+--------+
         Total |   1398 |   1324 |     74 |     21 |   1144 |   2 |  699.0 |
       Dungeon |   1398 |   1324 |     74 |     21 |   1144 |   2 |  699.0 |
               +--------+--------+--------+--------+--------+-----+--------+

Top non-repeatable levels by time:
     D:1: 1019 daAuts
     D:2: 379 daAuts
